 Dungeon Crawl Stone Soup version 0.27.1-2-g3b301248ec (webtiles) character file.

Game seed: 11780979965405767381

1082 AZSletch the Insei (level 8, 0/66 HPs)
             Began as a Black Draconian Transmuter on Oct 1, 2021.
             Was an Initiate of Hepliaklqana.
             Killed by divine providence
             ... invoked by an orc priest
              (11 damage)
             ... on level 6 of the Dungeon.
             The game lasted 00:20:17 (4215 turns).

AZSletch the Insei (Black Draconian Transmuter)     Turns: 4215, Time: 00:20:18

Health: 0/66       AC:  6    Str: 13    XL:     8   Next: 8%
Magic:  13/14      EV: 13    Int: 14    God:    Hepliaklqana [......]
Gold:   174        SH:  0    Dex: 13    Spells: 5/15 levels left

rFire    . . .     SeeInvis .     - Unarmed
rCold    . . .     Faith    .   (no shield)
rNeg     . . .     Spirit   .   (armour unavailable)
rPois    .         Reflect  .   (helmet currently unavailable)
rElec    +         Harm     .   (no cloak)
rCorr    .         Rampage  .   (no gloves)
Will     .....                  (boots currently unavailable)
Stlth    +.........             (no amulet)
HPRegen  0.21/turn              (no ring)
MPRegen  0.14/turn              (no ring)

@: appendages, wereblooded (expiring)
A: horns 2, talons 2, breathe lightning, AC +6, unfitting armour, electricity
resistance, cold-blooded
a: Breathe Lightning, End Transformation, Renounce Religion


You were on level 6 of the Dungeon.
You worshipped Hepliaklqana.
Hepliaklqana was noncommittal.
You had temporarily grown beastly horns and talons.
You visited 2 branches of the dungeon, and saw 7 of its levels.

You collected 174 gold pieces.

Inventory:

Hand Weapons
 r - a +0 fustibalus
Missiles
 g - 140 stones (quivered)
 o - a throwing net
Armour
 k - a +2 kite shield
Magical Staves
 l - a staff of air
 p - a staff of poison
Wands
 t - a wand of mindburst (17)
 v - a wand of charming (8)
Scrolls
 e - 3 scrolls of enchant weapon {unknown}
 h - 3 scrolls of noise {unknown}
 j - a scroll of identify {unknown}
 m - 2 scrolls of enchant armour {unknown}
 q - a scroll of vulnerability {unknown}
 w - a scroll of amnesia {unknown}
Potions
 a - a potion of haste {unknown}
 b - 3 potions of lignification {unknown}
 c - 2 potions of brilliance {unknown}
 d - 2 potions of curing {unknown}
 f - a potion of attraction {unknown}
 i - a potion of mutation {unknown}
 n - 2 potions of ambrosia {unknown}
 s - a potion of might {unknown}
 u - a potion of flight {unknown}
 x - a potion of heal wounds {unknown}


   Skills:
 + Level 4.2 Fighting
 + Level 3.8 Dodging
 + Level 5.0 Unarmed Combat
 + Level 4.0 Spellcasting
 + Level 4.4 Transmutations
 + Level 2.1 Ice Magic
 - Level 2.0 Poison Magic


You had 5 spell levels left.
You knew the following spells:

 Your Spells              Type           Power      Damage    Failure   Level
a - Beastly Appendage     Tmut           30%        N/A       3%          1
b - Wereblood             Tmut           15%        N/A       4%          2
c - Spider Form           Tmut/Pois      5%         N/A       16%         3
d - Ice Form              Ice/Tmut       12%        N/A       45%         4

Your spell library contained the following spells:

 Spells                   Type           Power      Damage    Failure   Level
 Passwall                 Tmut/Erth      7%         N/A       12%         2
 Apportation              Tloc           4%         N/A       19%         1
 Dazzling Flash           Conj/Hex       4%         N/A       50%         3
 Swiftness                Air            2%         N/A       50%         3
 Alistair's Intoxication  Tmut/Pois      7%         N/A       82%         5
 Iskenderun's Mystic Bla  Conj/Tloc      2%         2d3       88%         4
 Invisibility             Hex            1%         N/A       100%        6
 Starburst                Conj/Fire      1%         6d3       100%        6


Dungeon Overview and Level Annotations

Branches:
Dungeon (6/15)             Temple (1/1) D:5

Altars:
Ashenzari
Cheibriados
Dithmenos
Elyvilon
Fedhas
Gozag
Hepliaklqana
Kikubaaqudgha
Makhleb
Qazlal
Ru
Sif Muna
Trog
Uskayaw
Vehumet
Wu Jian
Xom
Yredelemnul
Zin
The Shining One

Annotations:
D:5 Blork the orc


Innate Abilities, Weirdness & Mutations

You have temporarily grown beastly horns and talons.
You can breathe wild blasts of lightning.
Your glossy black scales are hard. (AC +6)
You cannot fit into any form of body armour.
You are resistant to electric shocks. (rElec)
You are cold-blooded and may be slowed by cold attacks.


Message History

The bullfrog zombie is almost destroyed.
You hear a shout!
The bullfrog zombie misses you.
You hit the orc. You claw the orc.
You tail-slap the orc, but do no damage.
The orc is severely wounded.
You hit the orc.
You kill the orc!
An ufetubus comes into view.
You punch the bullfrog zombie!
You destroy the bullfrog zombie!
You punch the ufetubus!
You kill the ufetubus!
An orc warrior comes into view. It is wielding a +0 flail.
Items here: )))) [[ †††.
The orc warrior shouts!
You hear a shout!
An orc priest comes into view. It is wielding a +0 hand axe.
Your horns disappear.
Your talons disappear.
The orc priest shouts!
The orc priest calls down the wrath of Beogh upon you.
Beogh smites you!
An orc priest comes into view. It is wielding a +1 mace of draining.
An orc comes into view. It is wielding a +0 club.
The orc shouts!
An orc comes into view. It is wielding a +0 short sword.
Casting: Wereblood (safe; 4% risk of failure)
Confirm with . or Enter, or press ? or * to list all spells.
You grow a pair of large bovine horns.
Your feet morph into talons.
The orc priest mumbles some strange prayers to Beogh against you.
Beogh smites you!
The orc priest calls down the wrath of Beogh upon you.
Pain shoots through your body!
The orc warrior hits you with a +0 flail!
The orc priest calls down the wrath of Beogh upon you.
Beogh smites you!
* * * LOW HITPOINT WARNING * * *
Your primal bloodlust is almost over.
The orc priest calls down the wrath of Beogh upon you.
Beogh smites you!
You die...

#.............
#oo........... ...
#............. ...
##............. ..
.....o......... .. #
#..# .## #.##o# ..#
#....#############..#
###..@..........<)..#
#.############....#
... ###### #..## .#..
.#. ##.


You could see an orc warrior, 2 orc priests and an orc.

Vanquished Creatures
  An orc warrior (D:5)
  An ice beast (D:5)
  2 black bears (D:5)
  A necrophage (D:5)
  2 sky beasts (D:5)
  An ogre (D:6)
  A scorpion (D:4)
  2 bullfrog zombies
  A centaur skeleton (D:6)
  A hound (D:4)
  A hound skeleton (D:4)
  5 adders
  3 gnolls (D:3)
  2 ufetubi
  2 worms
  4 dart slugs
  8 orcs
  4 ball pythons
  13 endoplasms
  A giant cockroach (D:1)
  6 goblins
  8 hobgoblins
  3 jackals (D:3)
  4 kobolds
  4 quokkas
  2 frilled lizards
  A rat (D:2)
84 creatures vanquished.

Notes
Turn   | Place    | Note
-------+----------+-------------------------------------------
     0 | D:1      | AZSletch the Draconian Transmuter began the quest for the
                  | Orb.
     0 | D:1      | Reached XP level 1. HP: 16/16 MP: 3/3
   204 | D:1      | Reached XP level 2. HP: 23/23 MP: 3/5
   207 | D:1      | Learned a level 2 spell: Wereblood
   638 | D:2      | Reached XP level 3. HP: 28/29 MP: 4/6
   678 | D:2      | Found a faded altar of an unknown god.
   960 | D:2      | Learned a level 3 spell: Spider Form
  1425 | D:3      | Found a sacrificial altar of Ru.
  1468 | D:3      | Reached XP level 4. HP: 32/36 MP: 4/7
  1983 | D:4      | Reached skill level 1 in Poison Magic
  1983 | D:4      | Reached XP level 5. HP: 27/42 MP: 5/9
  2677 | D:5      | Entered Level 5 of the Dungeon
  2677 | D:5      | Noticed Blork the orc
  2791 | D:5      | Found a glowing silver altar of Zin.
  2847 | D:5      | Found a staircase to the Ecumenical Temple.
  2858 | Temple   | Entered the Ecumenical Temple
  2944 | Temple   | Became a worshipper of Hepliaklqana the Forgotten
  3012 | D:5      | Noticed an ice beast
  3016 | D:5      | Noticed a necrophage
  3029 | D:5      | Killed an ice beast
  3030 | D:5      | Reached skill level 4 in Unarmed Combat
  3030 | D:5      | Reached XP level 6. HP: 37/51 MP: 4/10
  3164 | D:5      | Your scales start taking on a glossy black colour.
  3164 | D:5      | Reached XP level 7. HP: 50/57 MP: 5/12
  3164 | D:5      | Gained mutation: You are resistant to electric shocks.
                  | (rElec) [Black Draconian growth]
  3289 | D:5      | Reached skill level 1 in Ice Magic
  3553 | D:5      | Found a shadowy altar of Dithmenos.
  3794 | D:5      | Found an ancient bone altar of Kikubaaqudgha.
  4083 | D:6      | Reached skill level 5 in Unarmed Combat
  4083 | D:6      | Reached XP level 8. HP: 44/66 MP: 9/14
  4099 | D:6      | Learned a level 4 spell: Ice Form
  4215 | D:6      | Killed from afar by an orc priest

Illustrated notes

Levels and vault maps discovered:
D:1:      minmay_arrival_cross, layout_rooms, chequers_serial_rivers_micro_d,
          kennysheep_nondescript
D:2:      layout_loops_cross, shapermc_ecumenical_altar_pompeii
D:3:      layout_rooms, nicolae_ru_awakened_eye
D:4:      layout_rooms
D:5:      layout_basic, zin_academy, mainiacjoe_overflow_catch_the_wave,
          minmay_temple_entry_waves, kennysheep_generic_room_12,
          uniq_blork_the_orc
D:6:      layout_basic, nemelex_xobeh_ov_fountains_minmay,
          nicolae_take_the_stairs
Temple:   nicolae_temple_elliptical

Skill      XL: |  1  2  3  4  5  6  7 |
---------------+----------------------+-----
Dodging        | 2 3 |  3.8
Fighting       | 2 3 4 |  4.2
Poison Magic   | 1 2 |  2.0
Transmutations | 3 4 |  4.4
Spellcasting   | 3 4 |  4.0
Unarmed Combat | 4 5 |  5.0
Ice Magic      | 2 |  2.1

Action                   |  1- 3 |  4- 6 |  7- 9 || total
-------------------------+-------+-------+-------++-------
Melee: Unarmed           |   101 |   119 |    67 ||   287
       Kick              |    17 |    25 |     8 ||    50
       Headbutt          |    10 |    14 |     2 ||    26
       Tailslap          |     9 |    10 |     7 ||    26
       Punch             |       |     1 |       ||     1
Throw: Stone             |       |    41 |     4 ||    45
 Cast: Beastly Appendage |    22 |    14 |     4 ||    40
       Wereblood         |     7 |     5 |     2 ||    14
       Spider Form       |       |     3 |     5 ||     8
 Abil: End Transformatio |       |       |     1 ||     1
Evoke: Wand              |       |       |     1 ||     1
Armor: Skin              |    26 |    23 |    13 ||    62
Dodge: Dodged            |    53 |   105 |    40 ||   198
